 Dungeon Crawl Stone Soup version 0.24.1-4-ge52af88ad5 (webtiles) character file.

Game seed: 12898936133911516560, levelgen mode: deterministic

164 Descartes the Magician (level 5, -2/28 HPs)
             Began as a Deep Elf Air Elementalist on Apr 17, 2020.
             Slain by Sigmund
             ... wielding a +0 scythe of freezing
              (10 damage)
             ... on level 3 of the Dungeon.
             The game lasted 00:06:23 (3302 turns).

Descartes the Magician (Deep Elf Air Elementalist)  Turns: 3302, Time: 00:06:24

Health: -2/28      AC:  4    Str:  5    XL:     5   Next: 21%
Magic:  12/14      EV: 14    Int: 21    God:
Gold:   111        SH:  0    Dex: 15    Spells: 12/13 levels left

rFire    . . .     SeeInvis .   k - +2 dagger (vamp)
rCold    . . .     Gourm    .   (no shield)
rNeg     . . .     Faith    .   a - +0 robe
rPois    .         Spirit   .   (no helmet)
rElec    .         Reflect  .   o - +0 cloak
rCorr    .         Harm     .   (no gloves)
MR       .....                  i - +0 pair of boots
Stlth    ++........             (no amulet)
HPRegen  0.09/turn              j - ring of wizardry
MPRegen  0.14/turn              t - +1 ring of evasion

@: no status effects
A: no striking features
a: no special abilities


You were on level 3 of the Dungeon.
You were not hungry.

You visited 1 branch of the dungeon, and saw 3 of its levels.

You collected 111 gold pieces.

Inventory:

Hand Weapons
 k - a +2 vampiric dagger (weapon)
Missiles
 d - 24 poisoned darts (quivered)
 f - 26 arrows
 q - 5 atropa-tipped darts
 s - 9 boomerangs
Armour
 a - a +0 robe (worn)
 i - a +0 pair of boots (worn)
 o - a +0 cloak (worn)
Jewellery
 j - a ring of wizardry (left hand)
 t - a +1 ring of evasion (right hand)
Scrolls
 b - 3 scrolls of identify {unknown}
 h - a scroll of amnesia {unknown}
 u - a scroll of remove curse {unknown}
Potions
 e - 2 potions of curing {unknown}
 g - a potion of resistance {unknown}
 l - 2 potions of brilliance {unknown}
 m - a potion of berserk rage {unknown}
 n - 3 potions of degeneration {unknown}
 p - a potion of ambrosia {unknown}
 r - a potion of heal wounds {unknown}
Comestibles
 c - 13 rations
 v - 2 chunks of flesh


   Skills:
 + Level 3.0 Dodging
 + Level 2.8 Stealth
 + Level 4.8 Spellcasting
 + Level 3.1 Conjurations
 + Level 3.8 Air Magic


You had 12 spell levels left.
You knew the following spells:

 Your Spells              Type           Power        Failure   Level  Hunger
a - Shock                 Conj/Air       ###.         1%          1    None

Your spell library contained the following spells:

 Spells                   Type           Power        Failure   Level  Hunger
 Swiftness                Chrm/Air       ##......     3%          2    None
 Static Discharge         Conj/Air       ###.....     3%          3    ##.....
 Airstrike                Air            ###.......   9%          4    ####...
 Lightning Bolt           Conj/Air       ###.......   28%         5    #####..


Dungeon Overview and Level Annotations

Branches:
Dungeon (3/15)

Altars:
Cheibriados

Annotations:
D:3 Sigmund


Message History

Confirm with . or Enter, or press ? or * to list all spells.
You can't see any susceptible monsters within range! (Use Z to cast anyway.) Unknown command.
Casting: Shock (safe; 1% risk of failure)
Confirm with . or Enter, or press ? or * to list all spells.
You can't see any susceptible monsters within range! (Use Z to cast anyway.) Unknown command.
Casting: Shock (safe; 1% risk of failure)
Confirm with . or Enter, or press ? or * to list all spells.
You can't see any susceptible monsters within range! (Use Z to cast anyway.) Unknown command.
Something hits you. Something freezes you.
Something hits you but does no damage.
You hit something but do no damage. You hit something.
You feel better. Something hits you! Something freezes you.
* * * LOW HITPOINT WARNING * * *
You miss something. Something hits you but does no damage.
You barely miss something. You hit something.
You feel better. Something hits you!
You die...

............# #.. #.
...........>####.######.
...)..................
#.......###..#...##.
#..%....# #.####.##.
#.....#)#..## #.# #....
..### #.##.# ##.# ###..
#{##.# #..# #..
#@##..##.## ##. #.#
#.#..# #. #.# #...## #.
#.####..#########.
#.#...............
#...############## #####


There were no monsters in sight!

Vanquished Creatures
  A hound (D:2)
  Terence (D:2)
  3 adders
  3 worms
  2 dart slugs
  4 leopard geckos
  3 giant cockroaches
  6 hobgoblins
  4 jackals (D:2)
  A quokka (D:3)
  11 bats
  5 frilled lizards
  10 goblins
  7 kobolds
  5 rats
66 creatures vanquished.

Notes
Turn   | Place    | Note
-------+----------+-------------------------------------------
     0 | D:1      | Descartes the Deep Elf Air Elementalist began the quest for
                  | the Orb.
     0 | D:1      | Reached XP level 1. HP: 10/10 MP: 6/6
   630 | D:1      | Reached XP level 2. HP: 15/15 MP: 0/8
  1241 | D:2      | Reached XP level 3. HP: 19/19 MP: 6/9
  1536 | D:2      | Reached skill level 4 in Spellcasting
  1536 | D:2      | Reached XP level 4. HP: 16/24 MP: 0/12
  1962 | D:2      | Found a snail-covered altar of Cheibriados.
  2078 | D:2      | Noticed Terence
  2090 | D:2      | Killed Terence
  2309 | D:2      | Reached XP level 5. HP: 27/28 MP: 7/13
  3283 | D:3      | Noticed Sigmund
  3302 | D:3      | Slain by Sigmund

Levels and vault maps discovered:
D:1:      minmay_arrival_hallway, layout_basic
D:2:      layout_basic, serial_corexii_hall, chequers_hall_statues_y,
          chequers_hall_statues_corner_a, corexii_hall_statues_u,
          corexii_hall_statues_s, chequers_hall_statues_wall_a,
          chequers_hall_statues_corner_a, cheibriados_altar_1, uniq_terence
D:3:      layout_rooms, uniq_sigmund, uniq_ijyb

Skill      XL: |  1  2  3  4 |
---------------+-------------+-----
Spellcasting   | 4 |  4.8
Conjurations   | 2 3 |  3.1
Dodging        | 3 |  3.0
Stealth        | |  2.8
Air Magic      | |  3.8

Action                   |  1- 3 |  4- 6 || total
-------------------------+-------+-------++-------
Melee: Dagger            |       |    27 ||    27
 Cast: Shock             |    69 |    98 ||   167
  Eat: Chunk             |     2 |     5 ||     7
Armor: Robe              |     2 |    16 ||    18
Dodge: Dodged            |    18 |    32 ||    50
